 Dungeon Crawl Stone Soup version 0.31-a0-210-gccc998df9b (webtiles) character file.

Game seed: 11857892551415062369

52 qw the Chopper (level 3, 0/23 HPs)
             Began as a Gargoyle Fighter on June 29, 2023.
             Slain by a gnoll
             ... wielding a +0 halberd
              (7 damage)
             ... on level 2 of the Dungeon.
             The game lasted 00:00:22 (1094 turns).

qw the Chopper (Gargoyle Fighter)                   Turns: 1094, Time: 00:00:23

Health: 0/23       AC: 10    Str: 21    XL:     3   Next: 85%
Magic:  3/3        EV:  9    Int:  8    God:
Gold:   95         SH:  4    Dex:  9    Spells: 2/2 levels left

rFire   . . .        Y - +0 war axe
rCold   . . .        c - +0 buckler
rNeg    + . .        b - +0 scale mail
rPois   inf          (no helmet)
rElec   +            (no cloak)
rCorr   .            (no gloves)
SInv    .            (no boots)
Will    .....        (no amulet) Stlth
                     (no ring)
HPRegen 0.23/turn    (no ring)
MPRegen 0.08/turn

%: no passive effects
@: no status effects
A: sickness immunity, AC +3, negative energy resistance 1, electricity
resistance, torment resistance 1, petrification resistance
a: no special abilities


You were on level 2 of the Dungeon.
You visited 1 branch of the dungeon, and saw 2 of its levels.

You collected 95 gold pieces.


Innate Abilities, Weirdness & Mutations

You are immune to sickness and miasma.
Your stone body is resilient. (AC +3)
You are immune to poison.
You resist negative energy. (rN+)
You are resistant to electric shocks. (rElec)
You are resistant to unholy torment.
You are immune to petrification.


   Skills:
 - Level 3.2 Fighting
 + Level 3.6 Axes
 - Level 3.2 Armour
 - Level 3.2 Shields


You had 2 spell levels left.
You didn't know any spells.
Your spell library was empty.

Inventory:

Hand Weapons
 i - a +0 club
 Y - a +0 war axe (weapon)
Armour
 b - a +0 scale mail (worn)
 c - a +0 buckler (worn)
Scrolls
 a - 2 scrolls of identify
 f - a scroll of vulnerability {unknown}
 h - a scroll of fear {unknown}
Potions
 d - a potion of might
 e - 2 potions of curing {unknown}
 g - a potion of degeneration {unknown}
 j - a potion of attraction {unknown}

Dungeon Overview and Level Annotations

Branches:
Dungeon (2/15)

Altars:

Annotations:
D:2 Natasha


Message History

The gnoll shouts! x2
Natasha, Servant of Life and Death comes into view.
Natasha moves out of view.
Enter note:
Enter note:
Enter note:
Enter note:
Enter note:
Enter note:
Enter note:
Enter note:
Enter note:
Enter note:
Enter note:
Enter note: You hit the gnoll but do no damage.
Natasha howls an incantation.
Natasha's front paws start to glow.
Natasha casts a spell.
The gnoll hits you with a +0 whip. The gnoll barely misses you.
You closely miss the gnoll. The gnoll hits you with a +0 whip.
The gnoll hits you but does no damage. x2
The gnoll hits you with a +0 whip.
You hit the gnoll but do no damage. The gnoll completely misses you.
The gnoll barely misses you.
You hit the gnoll.
The gnoll is moderately wounded.
The gnoll hits you but does no damage. The gnoll closely misses you.
You barely miss the gnoll.
The gnoll is moderately wounded.
The gnoll closely misses you. You block the gnoll's attack.
The cerulean imp hits you from afar with a +1 spear.
The gnoll hits you from afar with a +0 halberd.
The gnoll closely misses you.
You slash the gnoll!
The gnoll is almost dead.
The cerulean imp hits you but does no damage.
The gnoll closely misses you.
The gnoll hits you from afar with a +0 halberd!
You die...

..#.#######
..........#
#...#####)####
...# #....# 77
...###..%.# 77.
#5h##....## 77.77
...#.##g##.###.#
77...7
#...g.@...# #.#
7....7
#...###..## #.#
#....# #. ##..#
#.####....#
..?..+..........
###.###.......#.#
.. #.......#.#
##..########+#
##. #.... #.
#....


You could see Natasha, 2 gnolls and a cerulean imp (summoned).

Vanquished Creatures
  A gnoll (D:2)
  3 adders (D:2)
  3 endoplasms
  A giant cockroach (D:2)
  A goblin (D:2)
  A hobgoblin (D:2)
  2 ball pythons
  2 frilled lizards (D:2)
  3 kobolds
17 creatures vanquished.

Notes
Turn   | Place    | Note
-------+----------+-------------------------------------------
     0 | D:1      | qw the Gargoyle Fighter began the quest for the Orb.
     0 | D:1      | Reached XP level 1. HP: 14/14 MP: 1/1
     0 | D:1      | 0 ||| qw: Version: 0.3-a-24-ga2abf7b
     0 | D:1      | 0 ||| qw: Game counter: 6757
     0 | D:1      | 0 ||| qw: Melee chars always use a shield: true
     0 | D:1      | 0 ||| qw: God list: Okawaru
     0 | D:1      | 0 ||| qw: Allow faded altars: false
     0 | D:1      | 0 ||| qw: Do Orc after clearing Dungeon:15 true
     0 | D:1      | 0 ||| qw: Do second Lair branch before Depths: true
     0 | D:1      | 0 ||| qw: Lair rune preference: random
     0 | D:1      | 0 ||| qw: Goals: Normal, Zot:1-4, Slime:5, God:TSO, Crypt,
                  | Tomb, Abyss, Pan, Hells, Win
     0 | D:1      | 0 ||| PLANNING D:1-11
   520 | D:1      | 520 ||| READING 2 scrolls labelled PEREWN EVUE.
   521 | D:1      | 521 ||| READING scroll labelled ZOQOB VUMULADWITT.
   522 | D:1      | 522 ||| READING scroll labelled CUXZAA PEESHA.
   523 | D:1      | 523 ||| READING scroll labelled JYKKEZ HAWI.
   570 | D:2      | 570 ||| Stepping ~*~*~tactically~*~*~ (stealth).
   571 | D:2      | 571 ||| Stepping ~*~*~tactically~*~*~ (stealth).
   573 | D:2      | 573 ||| Stepping ~*~*~tactically~*~*~ (hiding).
   729 | D:2      | 729 ||| Stepping ~*~*~tactically~*~*~ (hiding).
   735 | D:2      | Reached XP level 2. HP: 19/19 MP: 2/2
   889 | D:2      | Reached skill level 3 in Axes
   889 | D:2      | Reached XP level 3. HP: 23/23 MP: 3/3
  1047 | D:2      | 1047 ||| Stepping ~*~*~tactically~*~*~ (stealth).
  1086 | D:2      | Noticed Natasha
  1094 | D:2      | Slain by a gnoll

Levels and vault maps discovered:
D:1:      roderic_dead_forest, layout_basic, chequers_serial_rivers_room_a,
          kennysheep_minor_cross
D:2:      layout_basic, uniq_natasha, uniq_crazy_yiuf_cottage, uniq_jessica

Skill      XL: |  1  2 |
---------------+-------+-----
Axes           | 2 3 |  3.6
Fighting       | |  3.2
Armour         | |  3.2
Shields        | |  3.2

Action                     || total
---------------------------++-------
  Melee: War axe           ||    58
    Use: Scroll            ||     4
 Armour: Scale mail        ||    27
  Dodge: Dodged            ||    25
  Block: Buckler           ||     7

Table legend:
 A = Non-vault XP
 B = Vault XP
 C = Vault XP percentage of total XP
 D = Non-vault monster count
 E = Vault monster count
 F = Vault count percentage of total count
                 A         B        C        D         E       F
            +---------+---------+-------+---------+---------+-------
      Total |      75 |       0 |   0.0 |      17 |       0 |   0.0
            +---------+---------+-------+---------+---------+-------
        D:1 |       4 |       0 |   0.0 |       3 |       0 |   0.0
        D:2 |      71 |       0 |   0.0 |      14 |       0 |   0.0
            +---------+---------+-------+---------+---------+-------
